 Dungeon Crawl Stone Soup version 0.27.0-1-g7a089689b8 (webtiles) character file.

Game seed: 17309740152879726972

7 Spectrina the Ducker (level 1, -1/13 HPs)
             Began as a Deep Elf Monk on Aug 11, 2021.
             Slain by a hobgoblin (3 damage)
             ... on level 1 of the Dungeon.
             The game lasted 00:00:42 (139 turns).

Spectrina the Ducker (Deep Elf Monk)                 Turns: 139, Time: 00:00:43

Health: -1/13      AC:  2    Str:  8    XL:     1   Next: 83%
Magic:  3/3        EV: 13    Int: 14    God:
Gold:   19         SH:  0    Dex: 17    Spells: 0/0 levels left

rFire    . . .     SeeInvis .   a - +0 short sword
rCold    . . .     Faith    .   (no shield)
rNeg     . . .     Spirit   .   b - +0 robe
rPois    .         Reflect  .   (no helmet)
rElec    .         Harm     .   (no cloak)
rCorr    .         Rampage  .   (no gloves)
Will     .....                  (no boots)
Stlth    +++.......             (no amulet)
HPRegen  0.04/turn              d - ring of flight
MPRegen  0.08/turn              (no ring)

@: flying
A: no striking features
a: no special abilities


You were on level 1 of the Dungeon.
You visited 1 branch of the dungeon, and saw 1 of its levels.

You collected 19 gold pieces.

Inventory:

Hand Weapons
 a - a +0 short sword (weapon)
Missiles
 f - 18 sling bullets
Armour
 b - a +0 robe (worn)
Jewellery
 d - a ring of flight (left hand)
Scrolls
 c - a scroll of magic mapping {unknown}
Potions
 e - a potion of lignification {unknown}


   Skills:
 - Level 2.4 Fighting
 - Level 3.0 Short Blades
 - Level 3.6 Dodging
 + Level 3.4 Stealth


You couldn't memorise any spells.
You didn't know any spells.
Your spell library was empty.

Dungeon Overview and Level Annotations

Branches:
Dungeon (1/15)

Altars:


Message History

You fly up into the air.
d - a ring of flight (left hand)
The goblin shouts!
You closely miss the goblin. The goblin hits you with a +0 club.
You hit the goblin.
The goblin is heavily wounded.
The goblin closely misses you.
You hit the goblin.
You kill the goblin!
Things that are here:
a +0 club; a goblin corpse You reach down and open the door.
Found 8 gold pieces.
There is an open door here.
Found a faded altar of an unknown god.
You now have 19 gold pieces (gained 8).
Found a cyan potion.
e - a cyan potion
Found an escape hatch in the floor.
Found 18 sling bullets.
There is an escape hatch in the floor here.
You see here 18 sling bullets.
f - 18 sling bullets You reach down and open the door.
A rat, a goblin and a hobgoblin come into view.
There is an open door here.
The helpless goblin fails to defend itself.
You puncture the goblin!
You kill the goblin!
The hobgoblin shouts!
The hobgoblin hits you.
You hit the hobgoblin but do no damage. The hobgoblin closely misses you.
You barely miss the hobgoblin. The hobgoblin hits you.
* * * LOW HITPOINT WARNING * * *
You hit the hobgoblin.
The hobgoblin is lightly wounded.
The hobgoblin barely misses you.
You hit the hobgoblin but do no damage.
The hobgoblin is lightly wounded.
The hobgoblin hits you.
You die...

..........# .+
########..##########...#
####### # #................
...<..# #.#..######.##...#
#.....# #.#..# #.# # #.....#.
#....# ####># ..........
.....# #....#
#..#..#.......#..###....##...
#..#.....#..#.##@#.'.........#
############# #g#.#....##.###
#r..#....# # #.).#....#
#...#...... #...#.##.##..
#...#.# .# . #...... ..
#.#..## ##


You could see a hobgoblin and a rat.

Vanquished Creatures
  2 goblins (D:1)
  A hobgoblin (D:1)
  A quokka (D:1)
  2 rats (D:1)
6 creatures vanquished.

Notes
Turn   | Place    | Note
-------+----------+-------------------------------------------
     0 | D:1      | Spectrina the Deep Elf Monk began the quest for the Orb.
     0 | D:1      | Reached XP level 1. HP: 13/13 MP: 3/3
    74 | D:1      | Found a faded altar of an unknown god.
   139 | D:1      | Slain by a hobgoblin

Illustrated notes

Levels and vault maps discovered:
D:1:      dpeg_arrival_ternary, layout_basic,
          hellmonk_ecumenical_altar_leap_of_faith, st_stairs_11,
          grunt_decor_mini_mirrors, minmay_misc_feat_square, minmay_tromino_v4_b

Skill      XL: |  1 |
---------------+----+-----
Stealth        | 3 |  3.4
Fighting       | |  2.4
Short Blades   | |  3.0
Dodging        | |  3.6

Action                   || total
-------------------------++-------
Melee: Short sword       ||    19
 Stab: Sleeping          ||     2
Armor: Robe              ||     1
Dodge: Dodged            ||     9
